 Dungeon Crawl Stone Soup version 0.24.0-123-gd5b16e6ec5 (webtiles) character file.

Game seed: 9216714197636174717, levelgen mode: deterministic

588 FishyPogo the Magician (level 7, 0/46 HPs)
             Began as a Demonspawn Wizard on Jan 5, 2020.
             Slain by Duvessa
             ... wielding a +0 short sword
              (4 damage)
             ... on level 5 of the Dungeon.
             The game lasted 00:15:49 (3382 turns).

FishyPogo the Magician (Demonspawn Wizard)          Turns: 3382, Time: 00:15:50

Health: 0/46       AC: 19    Str:  7    XL:     7   Next: 15%
Magic:  8/13       EV: 15    Int: 21    God:
Gold:   194        SH:  0    Dex: 12    Spells: 6/15 levels left

rFire    . . .     SeeInvis .   a - +4 dagger
rCold    . . .     Gourm    .   (no shield)
rNeg     . . .     Faith    .   e - +0 robe
rPois    .         Spirit   .   b - +0 hat
rElec    .         Reflect  .   (no cloak)
rCorr    .         Harm     .   (no gloves)
MR       .....                  (no boots)
Stlth    ++........             s - amulet of rage
HPRegen  0.15/turn              k - +5 ring of protection
MPRegen  0.13/turn              m - +3 ring of evasion

@: sanguine armour
A: horns 1, powered by pain 1, sanguine armour 3
a: Evoke Berserk Rage


You were on level 5 of the Dungeon.
You were not hungry.

You visited 1 branch of the dungeon, and saw 5 of its levels.

You collected 194 gold pieces.

Inventory:

Hand Weapons
 a - a +4 dagger (weapon)
Missiles
 f - 15 stones
 j - 20 poisoned darts (quivered)
 n - 6 boomerangs
 y - 8 javelins
Armour
 b - a +0 hat (worn)
 e - a +0 robe (worn)
Jewellery
 k - a +5 ring of protection (left hand)
 m - a +3 ring of evasion (right hand)
 r - an uncursed ring of protection from magic
 s - an amulet of rage (around neck)
 A - an uncursed ring of resist corrosion
Scrolls
 g - 2 scrolls of enchant armour {unknown}
 h - a scroll of identify
 i - 2 scrolls of fear {unknown}
 l - 3 scrolls of teleportation {unknown}
 o - 2 scrolls of random uselessness {unknown}
 p - 2 scrolls of fog
 q - a scroll of amnesia {unknown}
 t - 3 scrolls of remove curse
 B - a scroll of enchant weapon {unknown}
 D - a scroll of magic mapping {unknown}
Potions
 u - a potion of berserk rage {unknown}
 v - 3 potions of haste {unknown}
 w - a potion of mutation {unknown}
 x - a potion of lignification {unknown}
 z - a potion of agility
 C - a potion of heal wounds {unknown}
Comestibles
 d - 12 rations


   Skills:
 - Level 2.0 Dodging
 + Level 4.0 Stealth
 + Level 4.5 Spellcasting
 - Level 4.0 Conjurations
 - Level 1.0 Summonings
   Level 0.8 Translocations
 + Level 2.1 Air Magic
 + Level 2.3 Poison Magic


You had 6 spell levels left.
You knew the following spells:

 Your Spells              Type           Power        Failure   Level  Hunger
a - Magic Dart            Conj           ###.         2%          1    None
c - Mephitic Cloud        Conj/Pois/Air  ###.....     11%         3    ##.....
j - Conjure Flame         Conj/Fire      ##......     16%         3    ##.....
n - Call Imp              Summ           #.......     12%         2    #......

Your spell library contained the following spells:

 Spells                   Type           Power        Failure   Level  Hunger
 Blink                    Tloc           N/A          12%         2    #......
 Slow                     Hex            #.......     17%         2    #......


Dungeon Overview and Level Annotations

Branches:
Dungeon (5/15)
 Temple: D:4-7

Altars:
The Shining One

Annotations:
D:5 Dowan, Duvessa


Innate Abilities, Weirdness & Mutations

You have a pair of small horns on your head.
You sometimes gain a little power by taking damage.
When seriously injured, your bleeding wounds create very thick armour. (AC +12)


Message History

Dowan blinks!
Your crimson imp blinks!
Duvessa hits you with a +0 short sword.
* * * LOW HITPOINT WARNING * * *
Your crimson imp barely misses Duvessa.
Your crimson imp blinks!
Duvessa hits you but does no damage.
Your crimson imp hits Duvessa but does no damage.
Your crimson imp disappears in a puff of smoke!
Your crimson imp hits the necrophage but does no damage.
Your crimson imp disappears in a puff of smoke!
Duvessa says, "My weaknesses are his strengths!"
Duvessa hits you with a +0 short sword.
* * * LOW HITPOINT WARNING * * *
There is an open door, spattered with blood here.
Casting: Call Imp (safe; 12% risk of failure)
Confirm with . or Enter, or press ? or * to list all spells.
A beastly little devil appears in a puff of flame.
Duvessa hits you with a +0 short sword.
You die...

.. #......# #.
....#......# ##
.......>...#########
##+###'#...........
#......#)##......#
#......#.##.####.#
#..e§..#.##'####
#.5en.§#.......#
##@###.#.......# #.#
#.#.[.....#
###<###.#.......#
#....##.##..)...#
+....'............
#....##.###########
#######'####### #.#
#...........# #.#
#...........#


You could see Duvessa, a necrophage, Dowan and a friendly crimson imp.

Vanquished Creatures
  A hungry ghost (D:3)
  A phantom (D:5)
  A centaur (D:5)
  A centaur skeleton (D:4)
  5 adders
  3 oozes
  3 dart slugs
  2 leopard geckos
  An orc (D:3)
  2 giant cockroaches (D:2)
  7 hobgoblins
  9 jackals
  3 quokkas
  2 ball pythons
  8 bats
  3 frilled lizards
  7 goblins
  8 kobolds
  11 rats
78 creatures vanquished.

Vanquished Creatures (collateral kills)
  A centaur (D:4)
  A howler monkey (D:4)
  An orc priest (D:4)
  2 orc wizards (D:4)
  2 adders (D:2)
  2 worms (D:2)
  A leopard gecko (D:2)
  A hobgoblin (D:1)
  7 jackals
  A quokka (D:4)
  2 bats (D:2)
  A kobold (D:2)
22 creatures vanquished.

Grand Total: 100 creatures vanquished

Notes
Turn   | Place    | Note
-------+----------+-------------------------------------------
     0 | D:1      | FishyPogo the Demonspawn Wizard began the quest for the
                  | Orb.
     0 | D:1      | Reached XP level 1. HP: 13/13 MP: 4/4
   155 | D:1      | Gained mutation: When seriously injured, your bleeding
                  | wounds create armour. (AC +12) [demonic ancestry]
   155 | D:1      | Reached XP level 2. HP: 9/19 MP: 0/6
   211 | D:1      | Learned a level 2 spell: Call Imp
   703 | D:1      | Gained mutation: When seriously injured, your bleeding
                  | wounds create thick armour. (AC +12) [demonic ancestry]
   703 | D:1      | Reached XP level 3. HP: 22/24 MP: 7/7
  1152 | D:2      | Found a glowing golden altar of the Shining One.
  1363 | D:2      | HP: 1/24 [adder (3)]
  1376 | D:2      | Gained mutation: When seriously injured, your bleeding
                  | wounds create very thick armour. (AC +12) [demonic
                  | ancestry]
  1376 | D:2      | Reached XP level 4. HP: 3/30 MP: 0/9
  1862 | D:3      | Noticed a hungry ghost
  1891 | D:3      | Killed a hungry ghost
  1891 | D:3      | Gained mutation: You have a pair of small horns on your
                  | head. [demonic ancestry]
  1891 | D:3      | Reached XP level 5. HP: 26/35 MP: 1/10
  1899 | D:3      | Learned a level 3 spell: Conjure Flame
  1903 | D:3      | Learned a level 3 spell: Mephitic Cloud
  2434 | D:4      | Reached XP level 6. HP: 32/41 MP: 1/12
  2691 | D:4      | Reached skill level 1 in Air Magic
  2691 | D:4      | Reached skill level 1 in Poison Magic
  3153 | D:5      | Entered Level 5 of the Dungeon
  3172 | D:5      | Gained mutation: You sometimes gain a little power by
                  | taking damage. [demonic ancestry]
  3172 | D:5      | Reached XP level 7. HP: 37/46 MP: 8/13
  3280 | D:5      | Noticed Duvessa
  3343 | D:5      | Noticed Dowan
  3382 | D:5      | Slain by Duvessa

Levels and vault maps discovered:
D:1:      lemuel_arrival_funnel, layout_basic
D:2:      layout_basic, nicolae_overflow_crystal_walls,
          minmay_stone_trees_medium
D:3:      layout_rooms
D:4:      layout_loops_ring, first_ration
D:5:      layout_basic, uniq_menkaure, uniq_edmund, uniq_duvessa

Skill      XL: |  1  2  3  4  5  6  7 |
---------------+----------------------+-----
Stealth        | 2 3 4 |  4.0
Dodging        | 2 |  2.0
Conjurations   | 2 3 4 |  4.0
Spellcasting   | 4 |  4.5
Air Magic      | 1 2 |  2.1
Poison Magic   | 2 |  2.3
Summonings     | |  1.0
Translocations | |  0.8

Action                   |  1- 3 |  4- 6 |  7- 9 || total
-------------------------+-------+-------+-------++-------
Melee: Unarmed           |    88 |       |       ||    88
       Dagger            |   114 |   168 |    23 ||   305
       Club              |     5 |       |       ||     5
       Headbutt          |       |     9 |     2 ||    11
 Cast: Magic Dart        |    58 |    86 |     9 ||   153
       Call Imp          |     3 |    15 |     7 ||    25
  Use: Scroll            |     3 |       |       ||     3
       Potion            |     2 |       |       ||     2
 Stab: Sleeping          |     1 |       |       ||     1
  Eat: Chunk             |     2 |    10 |     1 ||    13
Armor: Robe              |    83 |    90 |     8 ||   181
Dodge: Dodged            |   159 |   158 |     8 ||   325
